 Dungeon Crawl Stone Soup version 0.23.0-3-gf3c87f2 (webtiles) character file.

Game seed: 11615743952428153843

380 Borgoz the Sneak (level 6, -2/50 HPs)
             Began as a Ghoul Enchanter on Feb 23, 2019.
             Slain by a gnoll (3 damage)
             ... on level 3 of the Dungeon.
             The game lasted 00:10:21 (3220 turns).

Borgoz the Sneak (Ghoul Enchanter)                  Turns: 3220, Time: 00:10:21

Health: -2/50      AC:  9    Str: 12    XL:     6   Next: 75%
Magic:  7/7        EV: 12    Int: 10    God:
Gold:   185        SH:  0    Dex: 11    Spells: 5/8 levels left

rFire    . . .     SeeInvis .   a - +1 dagger
rCold    + . .     Gourm    .   (no shield)
rNeg     + + +     Faith    .   c - +0 leather armour
rPois    ∞         Spirit   .   (no helmet)
rElec    .         Reflect  .   (no cloak)
rCorr    .         Harm     .   (no gloves)
MR       .....                  (no boots)
Stlth    ++........             (no amulet)
HPRegen  0.00/turn              l - +6 ring of protection
MPRegen  0.10/turn              (no ring)

@: rotting
A: rotting body, claws 1, carnivore, cold resistance 1, negative energy
resistance 3, inhibited regeneration, torment resistance, unbreathing
a: no special abilities


You were on level 3 of the Dungeon.
You were not hungry.

You visited 1 branch of the dungeon, and saw 4 of its levels.

You collected 185 gold pieces.

Inventory:

Hand Weapons
 a - a +1 dagger (weapon)
Missiles
 k - 8 poisoned needles
Armour
 b - a +0 robe
 c - a +0 leather armour (worn)
Jewellery
 l - a +6 ring of protection (left claw)
Wands
 h - a wand of random effects (29)
Scrolls
 e - a scroll of remove curse
 f - a scroll of identify
Comestibles
 d - 7 rations


   Skills:
 + Level 2.5 Fighting
 + Level 2.8 Short Blades
 + Level 2.1 Throwing
 + Level 2.0 Armour
 + Level 3.0 Dodging
 + Level 4.3 Stealth
 - Level 1.7 Spellcasting
 - Level 2.4 Hexes


You had 5 spell levels left.
You knew the following spells:

 Your Spells              Type           Power        Failure   Level  Hunger
a - Corona                Hex            #......      16%         1    ##.....
b - Ensorcelled Hibernat  Hex/Ice        #.....       36%         2    ###....

Your spell library contained the following spells:

 Spells                   Type           Power        Failure   Level  Hunger
 Confuse                  Hex            #.......     41%         3    ####...
 Tukima's Dance           Hex            #.......     41%         3    ####...
 Dazzling Spray           Conj/Hex       #.....       58%         3    ####...


Dungeon Overview and Level Annotations

Branches:
Dungeon (4/15)
 Temple: D:4-7

Altars:
Fedhas
Xom

Annotations:
D:2 Terence


Innate Abilities, Weirdness & Mutations

Your body is rotting away.
You thrive on raw meat.
You are immune to poison.
You have sharp fingernails.
You are carnivorous and can eat meat at any time.
Your flesh is cold resistant. (rC+)
You are immune to negative energy. (rN+++)
You do not regenerate when monsters are visible.
You are immune to unholy pain and torment.
You can survive without breathing.


Message History

You barely miss Menkaure.
Menkaure is almost destroyed.
The gnoll hits you but does no damage. Menkaure closely misses you.
You hit Menkaure.
You destroy Menkaure!
Your Throwing skill increases to level 2!
Your Armour skill increases to level 2!
Your Dodging skill increases to level 3!
The gnoll hits you but does no damage.
There is a stone staircase leading up here.
The gnoll hits you.
* * * LOW HITPOINT WARNING * * *
You climb upwards.
There is a stone staircase leading down here.
The gnoll hits you but does no damage.
Okay, then.
There is a stone staircase leading up here.
There is a stone staircase leading up here.
The gnoll hits you.
You die...

#.###.#######
#.#....####.## #.###.##
#.#.#.## #..#
#.##.#.########.#.#.#
##.#
#.#.###.............###
#..
#.#..#.####...........#
#.# #.#.#.##
#.....#.###.# #..
#.#.#.# #.###.#.# #.#
### #.#.#.# #g# #.#.#
#.# #.
#.#.#.#####@###...# #.#
## #.#.#.............#
#.# #.#.######..####.##
#># #...# #..# #.# #.#
#.#### #..# #)# #.#
#....# #..####.####.#
#.##.### #...........>#
#......###..####.######
####.#...........#


You could see a gnoll.

Vanquished Creatures
  Menkaure (D:4)
  An orc priest (D:3)
  Natasha (thrice) (D:3)
  6 adders
  2 worms
  A dart slug (D:1)
  A leopard gecko (D:3)
  7 orcs (D:3)
  7 bats
  5 giant cockroaches
  11 goblins
  9 hobgoblins
  11 jackals (D:3)
  5 kobolds
  2 quokkas
  2 frilled lizards
  7 rats
  2 butterflies (D:3)
83 creatures vanquished.

Notes
Turn   | Place    | Note
-------+----------+-------------------------------------------
     0 | D:1      | Borgoz the Ghoul Enchanter began the quest for the Orb.
     0 | D:1      | Reached XP level 1. HP: 14/14 MP: 2/2
   102 | D:1      | Reached skill level 1 in Short Blades
   163 | D:1      | Reached XP level 2. HP: 9/20 MP: 3/3
   721 | D:2      | Reached XP level 3. HP: 8/27 MP: 4/4
   727 | D:2      | Reached skill level 1 in Fighting
  1395 | D:2      | Reached XP level 4. HP: 22/35 MP: 5/5
  1399 | D:2      | Reached skill level 1 in Throwing
  1609 | D:2      | Noticed Terence
  2039 | D:3      | Learned a level 2 spell: Ensorcelled Hibernation
  2194 | D:3      | Reached skill level 1 in Armour
  2194 | D:3      | Reached XP level 5. HP: 22/40 MP: 1/6
  2280 | D:3      | Noticed Natasha
  2307 | D:3      | Killed Natasha
  2307 | D:3      | Reached skill level 4 in Stealth
  2342 | D:3      | Found a shimmering altar of Xom.
  2588 | D:3      | Noticed Natasha
  2596 | D:3      | Killed Natasha
  2606 | D:3      | Noticed Natasha
  2622 | D:3      | Killed Natasha
  2622 | D:3      | Reached XP level 6. HP: 29/48 MP: 1/7
  2656 | D:3      | Found a glowing drain.
  2911 | D:3      | Found a blossoming altar of Fedhas.
  3153 | D:4      | Noticed Menkaure
  3176 | D:4      | Killed Menkaure
  3181 | D:4      | HP: 1/50 [gnoll (2)]
  3220 | D:3      | Slain by a gnoll

Skill      XL: |  1  2  3  4  5  6 |
---------------+-------------------+-----
Short Blades   | 1 2 |  2.8
Dodging        | 2 3 |  3.0
Fighting       | 1 2 |  2.5
Throwing       | 1 2 |  2.1
Armour         | 1 2 |  2.0
Stealth        | 4 |  4.3
Spellcasting   | |  1.7
Hexes          | |  2.4

Action                   |  1- 3 |  4- 6 || total
-------------------------+-------+-------++-------
Melee: Dagger            |   162 |   324 ||   486
 Cast: Corona            |       |     3 ||     3
       Ensorcelled Hiber |       |     8 ||     8
  Use: Potion            |     8 |     2 ||    10
       Scroll            |       |     6 ||     6
 Stab: Sleeping          |     3 |     4 ||     7
  Eat: Chunk             |    13 |    33 ||    46
Armor: Robe              |    27 |       ||    27
       Leather armour    |    12 |    92 ||   104
Dodge: Dodged            |   109 |   195 ||   304
